 Dungeon Crawl Stone Soup version 0.31-a0-618-g7ca08c1ff9 (webtiles) character file.

Game seed: 3694567039227438812

121 spiderkeys the Changeling (level 5, 0/35 HPs)
             Began as an Octopode Shapeshifter on Aug 22, 2023.
             Slain by a centaur
             ... wielding a +0 club
              (5 damage)
             ... on level 3 of the Dungeon.
             The game lasted 00:03:43 (2351 turns).

spiderkeys the Changeling (Octopode Shapeshifter)   Turns: 2351, Time: 00:03:43

Health: 0/35       AC:  1    Str: 14    XL:     5   Next: 5%
Magic:  5/5        EV: 14    Int: 10    God:
Gold:   156        SH:  0    Dex: 21    Spells: 4/4 levels left

rFire   . . .        i - +4 spear
rCold   . . .        (no shield)
rNeg    . . .        (helmet currently unavailable)
rPois   .            (no amulet)
rElec   .            D - +6 ring of dexterity
rCorr   .            (no ring)
SInv    .            (no ring)
Will    .....        (no ring)
Stlth   +++          (no ring)
HPRegen 0.25/turn    (no ring)
MPRegen 0.09/turn    (no ring)
                     (no ring)

%: no passive effects
@: beast-form
A: beast (slay +2), almost no armour, amphibious, 8 rings, camouflage 1,
gelatinous body 1, (nimble swimmer 1), tentacles
a: Begin Untransformation


You were on level 3 of the Dungeon.
You were a hulking beast.
You visited 1 branch of the dungeon, and saw 3 of its levels.

You collected 156 gold pieces.


Innate Abilities, Weirdness & Mutations

You are a hulking beast.
Your limbs bulge with bestial killing power. (Slay +2)
You cannot wear most types of armour.
You are amphibious.
You can wear up to eight rings at the same time.
Your skin changes colour to match your surroundings (Stealth+).
Your rubbery body absorbs attacks. (AC +1, EV +1)
((You are camouflaged when in or above water. (Stealth+)))
You have tentacles for arms and can constrict up to eight enemies at once.


   Skills:
 + Level 2.4 Fighting
 - Level 0.8 Short Blades
 + Level 1.4 Polearms
 + Level 3.0 Dodging
 - Level 3.0 Unarmed Combat
 + Level 3.6 Shapeshifting


You had 4 spell levels left.
You didn't know any spells.
Your spell library contained the following spells:

 Spells                   Type           Power      Damage    Failure   Level
 Ozocubu's Armour         Ice            0%         N/A       75%         3
 Metabolic Englaciation   Hex/Ice        0%         N/A       100%        5
 Simulacrum               Ice/Necr       0%         N/A       100%        6
 Ozocubu's Refrigeration  Ice            0%         4d7       100%        7

Inventory:

Hand Weapons
 d - a +1 dagger of freezing
   (You took it off a kobold on level 1 of the Dungeon)
 i - a +4 spear (weapon)
   (You found it on level 1 of the Dungeon)
Missiles
 e - 13 stones
 f - 7 poisoned darts
 n - 6 boomerangs
Jewellery
 D - a +6 ring of dexterity (left tentacle)
   (You found it on level 3 of the Dungeon)
Talismans
 b - a beast talisman (active)
 c - a flux talisman
Wands
 j - a wand of flame (25)
   (You found it on level 3 of the Dungeon)
 l - a wand of polymorph (2)
   (You found it on level 3 of the Dungeon)
Scrolls
 h - a scroll of revelation {unknown}
 k - a scroll of blinking {!r}
Potions
 a - a potion of lignification {!q}
 g - a potion of attraction {unknown}
 m - a potion of curing {@q1}

Dungeon Overview and Level Annotations

Branches:
Dungeon (3/15) Zot: 15646

Altars:
Elyvilon

##.#..#.......# ##..#
#[#.#.....###.# #..#####
##..)..#.......
###......#
###...........#
#........#
.†#..........##........#
#.#...#........#........#
.# .#..........#........#
.# ......#...l.#.....####
## .....##...ch...†..#
#.#..########....)#
#.....# #.##### #.# #.#
#.# ..#


You could see a centaur and a frilled lizard.


Message History

You see here a +0 cloak.
A kobold comes into view. It is wielding a +0 whip of venom.
The kobold shouts!
The kobold moves out of view.
A ball python comes into view.
A rat comes into view.
You reach to attack!
The ball python hisses angrily.
You hit the rat.
You kill the rat!
You hit the ball python.
You kill the ball python!
You hit the kobold. Your grab misses the kobold.
The kobold hits you with a +0 whip of venom. 😕 HP[-1]
You take 1 damage, and now have 34/35 hp.
You hit the kobold.
You kill the kobold! 😎 HP[+1]
Your hp is fully restored (35).
No target in view!
No target in view!
No target in view!
Things that are here:
a +0 whip of venom; a kobold corpse You now have 156 gold pieces (gained 13).
You see here a +0 scimitar.
Key pressed, stopping explore.
m - 2 bubbling sapphire potions (gained 1) Key pressed, stopping explore.
No target in view!
No target in view!
No target in view!
A quokka comes into view.
Found a stone staircase leading down.
A quokka is nearby!
A quokka is nearby!
A quokka is nearby!
You see here 6 stones.
You closely miss the quokka. Your grab misses the quokka.
You squeeze the quokka.
You kill the quokka!
No target in view!
No target in view!
e - 13 stones (gained 6)
The centaur shouts!
The centaur shoots an arrow.
The arrow hits you!
You hear an angry hiss. 😮 HP[-9]
You take 9 damage, and now have 26/35 hp.
MASSIVE DAMAGE!! (PAUSE)
You start resting.
The centaur shoots an arrow.
The arrow closely misses you. 😕 HP[+1]
A frilled lizard comes into view.
The centaur shoots an arrow.
The arrow hits you! 😮 HP[-9]
You take 9 damage, and now have 18/35 hp.
MASSIVE DAMAGE!! (PAUSE)
The centaur unwields a +0 shortbow.
The centaur wields a +0 club.
The centaur closely misses you. The centaur kicks you.
* * * LOW HITPOINT WARNING * * *
The centaur misses you. x2
There is a stone staircase leading down here. 😨 HP[-1]
You take 1 damage, and now have 17/35 hp.
You hit the centaur. The centaur misses you. The centaur barely misses you.
You closely miss the centaur. You squeeze the centaur. The centaur misses you.
The centaur kicks you.
* * * LOW HITPOINT WARNING * * *
The centaur barely misses you. The centaur misses you. 😨 HP[-1]
You take 1 damage, and now have 16/35 hp.
Unknown command.
You hit the centaur. The centaur hits you with a +0 club!
* * * LOW HITPOINT WARNING * * *
The centaur kicks you but does no damage.
The frilled lizard bites you.
* * * LOW HITPOINT WARNING * * *
😱 HP[-10]
You take 10 damage, and now have 6/35 hp.
MASSIVE DAMAGE!! (PAUSE)
Okay, then.
It was a potion of curing.
You feel better. The centaur hits you with a +0 club!
* * * LOW HITPOINT WARNING * * *
The centaur misses you. The frilled lizard misses you.
The centaur closely misses you. The centaur barely misses you. 😨 HP[+4]
You regained 4 hp, and now have 10/35 hp.
Okay, then.
You hit the centaur. The centaur barely misses you. The centaur kicks you.
* * * LOW HITPOINT WARNING * * *
The frilled lizard bites you.
* * * LOW HITPOINT WARNING * * *
😱 HP[-6]
You take 6 damage, and now have 4/35 hp.
You closely miss the centaur. You squeeze the centaur.
The centaur hits you with a +0 club.
You die...

Skill      XL: |  1  2  3  4  5 |
---------------+----------------+-----
Fighting       | 2 |  2.4
Polearms       | 1 |  1.4
Dodging        | 3 |  3.0
Short Blades   | |  0.8
Unarmed Combat | |  3.0
Shapeshifting  | |  3.6

Action                     |  1- 3 |  4- 6 || total
---------------------------+-------+-------++-------
  Melee: Unarmed           |     9 |       ||     9
         Constrict         |    18 |     7 ||    25
         Dagger            |    26 |       ||    26
         Tentacles         |     8 |     7 ||    15
         Spear             |    35 |    46 ||    81
  Throw: Stone             |       |     1 ||     1
    Use: Scroll            |     1 |     2 ||     3
         Potion            |       |     1 ||     1
   Stab: Sleeping          |    11 |     3 ||    14
 Armour: Skin              |     2 |     2 ||     4
  Dodge: Dodged            |    41 |    37 ||    78

Levels and vault maps discovered:
D:1:      minmay_arrival_split_and_join, layout_basic, serial_bayou_lake_a
D:2:      layout_loops_corners, basic_altar
D:3:      layout_basic, minmay_increasing_density

Notes
Turn   | Place    | Note
-------+----------+-------------------------------------------
     0 | D:1      | spiderkeys the Octopode Shapeshifter began the quest for
                  | the Orb.
     0 | D:1      | Reached XP level 1. HP: 13/13 MP: 1/1
     0 | D:1      | magus.rc [v1.11.6]
    81 | D:1      | HP: 3/13 [kobold/+1 dagger of freezing (1)]
   126 | D:1      | You add the spells Ozocubu's Armour and Ozocubu's
                  | Refrigeration to your library.
   182 | D:1      | Reached XP level 2. HP: 16/18 MP: 2/2
   537 | D:1      | Reached XP level 3. HP: 24/24 MP: 3/3
   937 | D:2      | Found a white marble altar of Elyvilon.
  1107 | D:2      | You add the spells Metabolic Englaciation and Simulacrum to
                  | your library.
  1318 | D:2      | Reached skill level 2 in Fighting
  1384 | D:2      | Reached XP level 4. HP: 27/29 MP: 4/4
  1737 | D:3      | Reached skill level 1 in Polearms
  1740 | D:3      | Noticed a centaur
  1746 | D:3      | HP: 3/29 [centaur/arrow (7)]
  2239 | D:3      | Reached XP level 5. HP: 35/35 MP: 5/5
  2245 | D:3      | Reached skill level 3 in Dodging
  2348 | D:3      | HP: 7/35 [centaur/+0 club (9)]
  2351 | D:3      | Slain by a centaur

Vanquished Creatures
  A hound (D:3)
  2 adders
  A worm (D:2)
  An orc (D:3)
  4 ball pythons
  9 bats
  2 endoplasms
  3 giant cockroaches (D:1)
  8 goblins
  6 hobgoblins
  8 jackals
  4 quokkas
  8 kobolds
  5 rats
62 creatures vanquished.

Table legend:
 A = Non-vault XP
 B = Vault XP
 C = Vault XP percentage of total XP
 D = Non-vault monster count
 E = Vault monster count
 F = Vault count percentage of total count
                 A         B        C        D         E       F
            +---------+---------+-------+---------+---------+-------
      Total |     154 |      19 |  11.0 |      58 |       4 |   6.5
            +---------+---------+-------+---------+---------+-------
        D:1 |      36 |       0 |   0.0 |      22 |       0 |   0.0
        D:2 |      52 |       0 |   0.0 |      20 |       0 |   0.0
        D:3 |      66 |      19 |  22.4 |      16 |       4 |  20.0
            +---------+---------+-------+---------+---------+-------

Skill      XL: |  1  2  3  4  5 |
---------------+----------------+-----
Fighting       | 2 |  2.4
Polearms       | 1 |  1.4
Dodging        | 3 |  3.0
Short Blades   | |  0.8
Unarmed Combat | |  3.0
Shapeshifting  | |  3.6

Action                     |  1- 3 |  4- 6 || total
---------------------------+-------+-------++-------
  Melee: Unarmed           |     9 |       ||     9
         Constrict         |    18 |     7 ||    25
         Dagger            |    26 |       ||    26
         Tentacles         |     8 |     7 ||    15
         Spear             |    35 |    46 ||    81
  Throw: Stone             |       |     1 ||     1
    Use: Scroll            |     1 |     2 ||     3
         Potion            |       |     1 ||     1
   Stab: Sleeping          |    11 |     3 ||    14
 Armour: Skin              |     2 |     2 ||     4
  Dodge: Dodged            |    41 |    37 ||    78

Illustrated notes

Table legend:
 A = Kills in this place as a percentage of kills in the entire game.
 B = Kills by you in this place as a percentage of kills by you in the entire game.
 C = Kills by friends in this place as a percentage of kills by friends in the entire game.
 D = Other kills in this place as a percentage of other kills in the entire game.
 E = Experience gained in this place as a percentage of experience gained in the entire game.
 F = Experience gained in this place divided by the number of levels of this place that you have seen.
                   A       B       C       D       E      F
               +-------+-------+-------+-------+-------+----------------------
         Total | 100.0 | 100.0 |   N/A |   N/A | 100.0 |  57.7
       Dungeon | 100.0 | 100.0 |   N/A |   N/A | 100.0 |  57.7
               +-------+-------+-------+-------+-------+----------------------

Table legend: (Time is in decaauts)
 A = Elapsed time spent in this place.
 B = Non-inter-level travel time spent in this place.
 C = Inter-level travel time spent in this place.
 D = Time resting spent in this place.
 E = Time spent auto-exploring this place.
 F = Levels seen in this place.
 G = Mean time per level.
                   A        B        C        D        E       F      G
               +--------+--------+--------+--------+--------+-----+--------+
         Total |   2352 |   2286 |     66 |    306 |   1594 |   3 |  784.0 |
       Dungeon |   2352 |   2286 |     66 |    306 |   1594 |   3 |  784.0 |
               +--------+--------+--------+--------+--------+-----+--------+

Top non-repeatable levels by time:
     D:2: 1110 daAuts
     D:1: 826 daAuts
     D:3: 415 daAuts
